Demolitions vs Punishers
(R3)
Created - October 21, 2017 at 22:39
Goals
|
Demolitions |
1 |
1 |
4 |
6 |
Punishers |
1 |
4 |
0 |
5 |
|
Shots
|
Demolitions |
16 |
6 |
10 |
32 |
Punishers |
12 |
11 |
6 |
29 |
|
1st period
1. Demolitions , Jack Skille 1 (Corban Knight 4, Robert Bortuzzo 2) at 17:35
2. Punishers , Mattias Tedenby 6 (Robbie Earl 7, Niklas Svedberg) at 19:11 (PP)
Penalties :
Casey Cizikas (Pro) for Holding (Minor) at 1:53, Adam McQuaid (Pro) for Hooking (Minor) at 9:00, Nicolas Blanchard (Vic) for Holding (Minor) at 15:24, Martins Karsums (Vic) for High sticking (Minor) at 18:59, Cameron Schilling (Vic) for Hooking (Minor) at 19:18, Mattias Tedenby (Pro) for Hooking (Minor) at 19:48
2nd period
3. Punishers , Garret Ross 1 (Aaron Palushaj 2) at 4:38
4. Punishers , Luke Adam 2 (David Laliberté 1) at 11:46 (PP)
5. Punishers , David Rundblad 2 (Miikka Salomaki 1, Boone Jenner 6) at 16:48
6. Punishers , Luke Adam 3 (Robbie Earl 8, David Rundblad 7) at 18:33 (PP)
7. Demolitions , Martins Karsums 6 (Ryan Bayda 3, Cameron Schilling 5) at 18:45
Penalties :
Mike Sauer (Vic) for Holding (Minor) at 1:11, Nicolas Blanchard (Vic) for Holding (Minor) at 5:35, Miikka Salomaki (Pro) for Roughing (Minor) at 8:07, Nicolas Blanchard (Vic) for Interference (Minor) at 11:38, Robbie Earl (Pro) for Tripping (Minor) at 14:19, Mike Sauer (Vic) for Tripping (Minor) at 16:51
3rd period
8. Demolitions , Martins Karsums 7 (Darren Helm 14, Ryan Bayda 4) at 5:09 (PP)
9. Demolitions , Corban Knight 1 (Jack Skille 2, Cameron Schilling 6) at 7:53
10. Demolitions , Andrew Campbell 1 (Erik Condra 3) at 9:26 (PP)
11. Demolitions , Nicolas Blanchard 2 (Erik Condra 4, Frazer Mclaren 1) at 14:09 (PP)
Penalties :
Miikka Salomaki (Pro) for Interference (Minor) at 1:00, Robbie Earl (Pro) for High sticking (Minor) at 4:52, Luke Adam (Pro) for Roughing (Minor) at 8:40, Tanner Glass (Pro) for Elbowing (Minor) at 9:46, Robbie Earl (Pro) for Slashing (Minor) at 13:32, Boone Jenner (Pro) for Interference (Minor) at 15:15, Nick Pryor (Vic) for High sticking (Minor) at 18:32
Goalie Stats
Joe Cannata (Vic), 18 saves from 23 shots - (0.783), 38:33 minutes
Olivier Roy (Vic), 6 saves from 6 shots - (1.000), W, 1-1-0, 21:27 minutes
Niklas Svedberg (Pro), 26 saves from 32 shots - (0.813), L, 3-1-1, 59:03 minutes
Players Stats for Demolitions
Player Name G A P +/- PIM S H SB GA TA FO MP PP MP PK MP
------------------------------------------------------------------------------------
Alex Hutchings 0 0 0 0 0 1 0 0 0 0 0/0 2:19 0:14 1:39
Andrew Campbell 1 0 1 0 0 1 0 1 0 1 0/0 21:01 5:45 4:22
Billy Sweat 0 0 0 -2 0 0 1 0 0 0 1/1 3:50 0:00 0:00
Brandon McMillan 0 0 0 -2 0 1 0 0 0 0 0/0 3:50 0:00 0:00
Cameron Schilling 0 2 2 1 2 1 1 2 0 1 0/0 30:11 9:43 4:28
Corban Knight 1 1 2 2 0 4 0 0 0 0 5/5 8:50 0:00 0:00
Darren Helm 0 1 1 1 0 3 3 0 0 2 18/33 25:36 9:00 5:03
Erik Condra 0 2 2 0 0 0 1 0 0 0 0/0 18:54 6:12 2:38
Frazer Mclaren 0 1 1 0 0 1 3 1 1 0 3/3 15:26 6:22 0:00
Jack Skille 1 1 2 2 0 3 1 0 0 0 0/1 9:15 0:11 0:00
Josh Beaulieu 0 0 0 0 0 0 0 0 0 0 1/1 1:46 0:32 0:00
Martins Karsums 2 0 2 -1 2 7 1 0 0 1 7/15 28:46 9:00 4:47
Mike Sauer 0 0 0 0 4 1 0 1 0 0 0/0 18:58 5:47 2:38
Mitchell Moroz 0 0 0 0 0 0 0 0 0 0 0/0 0:00 0:00 0:00
Nick Pryor 0 0 0 0 2 0 0 0 0 0 0/0 1:34 0:00 0:14
Nicolas Blanchard 1 0 1 0 6 4 3 0 2 0 3/12 15:57 6:22 0:00
Robert Bortuzzo 0 1 1 0 0 2 0 0 0 0 0/0 9:42 0:18 0:30
Ryan Bayda 0 2 2 1 0 1 5 0 2 0 0/3 22:23 8:46 2:38
Ryan Olsen 0 0 0 0 0 0 0 0 0 0 0/0 0:00 0:00 0:00
Ryan Russell 0 0 0 2 0 0 0 1 0 0 0/0 8:50 0:00 0:00
Seth Helgeson 0 0 0 1 0 1 2 4 0 1 0/0 29:25 9:30 5:04
Taylor Aronson 0 0 0 0 0 1 1 1 0 1 0/0 9:51 0:03 1:36
Taylor Leier 0 0 0 0 0 0 0 0 0 0 0/0 0:00 0:00 0:00
Vince Rocco 0 0 0 0 0 0 0 0 0 0 1/1 2:03 0:00 2:01
Players Stats for Punishers
Player Name G A P +/- PIM S H SB GA TA FO MP PP MP PK MP
------------------------------------------------------------------------------------
Aaron Palushaj 0 1 1 1 0 0 0 0 0 0 0/0 4:33 0:00 0:00
Adam McQuaid 0 0 0 0 2 3 2 2 0 1 0/0 27:44 4:22 8:59
Boone Jenner 0 1 1 -1 2 0 0 1 0 0 3/6 9:02 0:00 0:00
Casey Cizikas 0 0 0 0 2 1 0 0 2 0 8/24 16:44 4:40 1:20
Colton Gillies 0 0 0 -1 0 1 1 1 2 0 0/1 8:57 0:00 0:00
David Laliberté 0 1 1 -1 0 1 1 0 0 0 0/1 16:21 3:26 4:03
David Rundblad 1 1 2 0 0 1 1 2 1 0 0/0 20:35 4:58 5:22
Dylan DeMelo 0 0 0 0 0 0 0 0 0 0 0/0 2:32 0:00 0:00
Erik Nystrom 0 0 0 0 0 0 2 0 0 0 3/4 4:17 0:00 3:54
Garret Ross 1 0 1 1 0 2 3 0 0 0 0/0 7:52 0:00 3:08
Jordan Schmaltz 0 0 0 -1 0 0 0 1 0 0 0/0 8:40 0:00 0:42
Luke Adam 2 0 2 -1 2 4 0 1 0 2 5/13 11:25 3:26 0:00
Mattias Tedenby 1 0 1 0 2 3 3 0 1 0 2/2 20:26 5:44 4:03
Miikka Salomaki 0 1 1 -1 4 1 0 0 0 0 0/0 9:11 0:03 0:00
Nick Schultz 0 0 0 0 0 0 2 1 0 1 0/0 28:55 4:22 10:11
Oscar Sundqvist 0 0 0 0 0 0 0 0 0 0 1/1 0:57 0:30 0:00
Patrick Wiercioch 0 0 0 -1 0 0 1 0 0 0 0/0 7:58 0:00 0:00
Quinton Howden 0 0 0 1 0 2 1 0 0 0 2/4 4:33 0:00 0:00
Radek Faksa 0 0 0 0 0 0 0 0 0 0 0/0 0:32 0:09 0:23
Robbie Earl 0 2 2 0 6 6 1 1 1 1 11/18 25:16 5:48 6:37
Stefan Elliott 0 0 0 0 0 0 0 1 0 0 0/0 20:35 4:58 5:22
Tanner Glass 0 0 0 -1 2 4 3 1 0 0 1/1 22:10 4:13 7:38
Trevor Van Riemsdyk 0 0 0 0 0 0 0 0 0 0 0/0 3:02 0:00 0:30
3 Stars
1 - Jack Skille (Vic)
2 - Corban Knight (Vic)
3 - Ryan Bayda (Vic)
Power Play
Demolitions - 3 on 11 Attempt(s) - 27.27%
Punishers - 3 on 8 Attempt(s) - 37.50%
Penalty Kill
Demolitions - 5 on 8 Attempt(s) - 62.50%
- Score 0 goal in Penalty Kill
Punishers - 8 on 11 Attempt(s) - 72.73%
- Score 0 goal in Penalty Kill
Team Stat
Demolitions - Hits : 22 - Faceoff Wins : 39 - Blocked Shots : 11 - Penalty Minutes : 16
Punishers - Hits : 21 - Faceoff Wins : 36 - Blocked Shots : 12 - Penalty Minutes : 22
Official
Referees : Marouelli Dan and Hebert Ghislain
Linesman : Darren Gibbs and Lonnie Cameron
Game Notes
Olivier Roy enters game at 18:33 of 2nd period
Finance
Level 1 -- Attendance: 1329 (66.45%) -- Ticket Income $53,160
Level 2 -- Attendance: 798 (79.80%) -- Ticket Income $15,960
Total Attendance: 2127 (70.90%)
Total Ticket Income: $69,120
Other Income: $3,456
Total Income: $72,576
Demolitions
5 vs 5 Forward
Center Left Wing Right Wing Time % Phy DF OF
1 Darren Helm Ryan Bayda Martins Karsums 40 1 2 2
2 Nicolas Blanchard Frazer Mclaren Erik Condra 30 1 2 2
3 Corban Knight Ryan Russell Jack Skille 20 1 2 2
4 Brandon McMillan Billy Sweat Martins Karsums 10 1 2 2
5 vs 5 Defense
Defense Defense Time % Phy DF OF
1 Cameron Schilling Seth Helgeson 40 1 2 2
2 Mike Sauer Andrew Campbell 30 1 2 2
3 Robert Bortuzzo Taylor Aronson 20 1 2 2
4 Nick Pryor Cameron Schilling 10 1 2 2
PowerPlay Forward
Center Left Wing Right Wing Time % Phy DF OF
1 Darren Helm Ryan Bayda Martins Karsums 60 1 2 2
2 Nicolas Blanchard Frazer Mclaren Erik Condra 40 1 2 2
PowerPlay Defense
Defense Defense Time % Phy DF OF
1 Cameron Schilling Seth Helgeson 60 1 2 2
2 Mike Sauer Andrew Campbell 40 1 2 2
Penalty Kill 4 Players Forward
Center Wing Time % Phy DF OF
1 Martins Karsums Darren Helm 60 1 2 2
2 Ryan Bayda Erik Condra 40 1 2 2
Penalty Kill 4 Players Defense
Defense Defense Time % Phy DF OF
1 Cameron Schilling Seth Helgeson 60 1 2 2
2 Mike Sauer Andrew Campbell 40 1 2 2
Penalty Kill - 3 Players Forward
Forward Time % Phy DF OF
1 Martins Karsums 60 1 2 2
2 Darren Helm 40 1 2 2
Penalty Kill - 3 Players Defense
Defense Defense Time % Phy DF OF
1 Cameron Schilling Seth Helgeson 60 1 2 2
2 Mike Sauer Andrew Campbell 40 1 2 2
4 vs 4 Forward
Center Wing Time % Phy DF OF
1 Martins Karsums Darren Helm 60 1 2 2
2 Ryan Bayda Erik Condra 40 1 2 2
4 vs 4 Defense
Defense Defense Time % Phy DF OF
1 Cameron Schilling Seth Helgeson 60 1 2 2
2 Mike Sauer Andrew Campbell 40 1 2 2
Last Minutes Offensive
Center Left Wing Right Wing Defense Defense
Darren Helm Ryan Bayda Martins Karsums Cameron Schilling Seth Helgeson
Last Minutes Defensive
Center Left Wing Right Wing Defense Defense
Darren Helm Ryan Bayda Martins Karsums Cameron Schilling Seth Helgeson
Goaltenders
Starting : Joe Cannata
Backup : Olivier Roy
Extra Forwards
Normal : Josh Beaulieu, Alex Hutchings, Vince Rocco - PP : Josh Beaulieu, Alex Hutchings - PK : Vince Rocco
Extra Defensemen
Normal : Robert Bortuzzo, Taylor Aronson, Nick Pryor - PP : Robert Bortuzzo - PK : Taylor Aronson, Nick Pryor
Penalty Shots
Martins Karsums, Darren Helm, Ryan Bayda, Erik Condra, Jack Skille
Scratches
Thomas DiPauli (Healthy), Bobby Butler (Healthy), Brendon Nash (Healthy), Jake Paterson (Healthy), Jussi Rynnas (Healthy)
Punishers
5 vs 5 Forward
Center Left Wing Right Wing Time % Phy DF OF
1 Casey Cizikas Robbie Earl Mattias Tedenby 40 1 2 2
2 Luke Adam Tanner Glass David Laliberté 30 1 2 2
3 Boone Jenner Colton Gillies Miikka Salomaki 20 1 2 2
4 Quinton Howden Garret Ross Aaron Palushaj 10 1 2 2
5 vs 5 Defense
Defense Defense Time % Phy DF OF
1 Nick Schultz Adam McQuaid 40 1 2 2
2 David Rundblad Stefan Elliott 30 1 2 2
3 Patrick Wiercioch Jordan Schmaltz 20 1 2 2
4 Trevor Van Riemsdyk Dylan DeMelo 10 1 2 2
PowerPlay Forward
Center Left Wing Right Wing Time % Phy DF OF
1 Casey Cizikas Robbie Earl Mattias Tedenby 60 1 2 2
2 Luke Adam Tanner Glass David Laliberté 40 1 2 2
PowerPlay Defense
Defense Defense Time % Phy DF OF
1 Nick Schultz Adam McQuaid 60 1 2 2
2 David Rundblad Stefan Elliott 40 1 2 2
Penalty Kill 4 Players Forward
Center Wing Time % Phy DF OF
1 Robbie Earl Tanner Glass 60 1 2 2
2 Mattias Tedenby David Laliberté 40 1 2 2
Penalty Kill 4 Players Defense
Defense Defense Time % Phy DF OF
1 Nick Schultz Adam McQuaid 60 1 2 2
2 David Rundblad Stefan Elliott 40 1 2 2
Penalty Kill - 3 Players Forward
Forward Time % Phy DF OF
1 Robbie Earl 60 1 2 2
2 Tanner Glass 40 1 2 2
Penalty Kill - 3 Players Defense
Defense Defense Time % Phy DF OF
1 Nick Schultz Adam McQuaid 60 1 2 2
2 David Rundblad Stefan Elliott 40 1 2 2
4 vs 4 Forward
Center Wing Time % Phy DF OF
1 Robbie Earl Tanner Glass 60 1 2 2
2 Mattias Tedenby David Laliberté 40 1 2 2
4 vs 4 Defense
Defense Defense Time % Phy DF OF
1 Nick Schultz Adam McQuaid 60 1 2 2
2 David Rundblad Stefan Elliott 40 1 2 2
Last Minutes Offensive
Center Left Wing Right Wing Defense Defense
Casey Cizikas Robbie Earl Mattias Tedenby Nick Schultz Adam McQuaid
Last Minutes Defensive
Center Left Wing Right Wing Defense Defense
Casey Cizikas Robbie Earl Mattias Tedenby Nick Schultz Adam McQuaid
Goaltenders
Starting : Niklas Svedberg
Backup : Louis Domingue
Extra Forwards
Normal : Oscar Sundqvist, Radek Faksa, Erik Nystrom - PP : Oscar Sundqvist, Radek Faksa - PK : Erik Nystrom
Extra Defensemen
Normal : Patrick Wiercioch, Jordan Schmaltz, Trevor Van Riemsdyk - PP : Patrick Wiercioch - PK : Jordan Schmaltz, Trevor Van Riemsdyk
Penalty Shots
Robbie Earl, Tanner Glass, Mattias Tedenby, David Laliberté, Casey Cizikas
Scratches
Damon Severson (Back Spasms Injury)
% Time on Ice - Demolitions
Lines # - Real PCT - Wanted PCT - Time Play
Normal Forward
1 - 32% - 40% - 10:42
2 - 29% - 30% - 9:46
3 - 27% - 20% - 8:50
4 - 12% - 10% - 3:50
Normal Defense
1 - 45% - 40% - 14:55
2 - 31% - 30% - 10:16
3 - 20% - 20% - 6:36
4 - 4% - 10% - 1:21
PP Forward
1 - 59% - 60% - 9:11
2 - 41% - 40% - 6:22
PP Defense
1 - 63% - 60% - 9:48
2 - 37% - 40% - 5:45
PK Forward
1 - 72% - 60% - 6:42
2 - 28% - 40% - 2:38
PK Defense
1 - 53% - 60% - 4:58
2 - 47% - 40% - 4:22
PK3 Forward
1 - 100% - 60% - 0:06
2 - 0% - 40% - 0:00
PK3 Defense
1 - 100% - 60% - 0:06
2 - 0% - 40% - 0:00
44 Forward
1 - 75% - 60% - 1:25
2 - 25% - 40% - 0:28
44 Defense
1 - 66% - 60% - 1:15
2 - 34% - 40% - 0:38
Last Minute Offensive - 0:00
Last Minute Defensive - 0:00
Total
Forward - 60:00
Defense - 60:00
|
% Time on Ice - Punishers
Lines # - Real PCT - Wanted PCT - Time Play
Normal Forward
1 - 34% - 40% - 11:10
2 - 26% - 30% - 8:28
3 - 27% - 20% - 8:57
4 - 14% - 10% - 4:33
Normal Defense
1 - 39% - 40% - 12:52
2 - 29% - 30% - 9:46
3 - 24% - 20% - 7:58
4 - 8% - 10% - 2:32
PP Forward
1 - 63% - 60% - 5:54
2 - 37% - 40% - 3:26
PP Defense
1 - 47% - 60% - 4:22
2 - 53% - 40% - 4:58
PK Forward
1 - 74% - 60% - 11:30
2 - 26% - 40% - 4:03
PK Defense
1 - 65% - 60% - 10:11
2 - 35% - 40% - 5:22
PK3 Forward
1 - 0% - 60%
2 - 0% - 40%
PK3 Defense
1 - 0% - 60%
2 - 0% - 40%
44 Forward
1 - 80% - 60% - 1:35
2 - 20% - 40% - 0:24
44 Defense
1 - 76% - 60% - 1:30
2 - 24% - 40% - 0:29
Last Minute Offensive - 0:00
Last Minute Defensive - 0:00
Total
Forward - 60:00
Defense - 60:00
|
Play by Play
1st period
0:01 of 1st period - Casey Cizikas wins face-off versus Ryan Bayda in neutral zone.
0:26 of 1st period - Adam McQuaid is hit by Nicolas Blanchard and loses puck.
0:37 of 1st period - Wrist shot by Luke Adam.
0:37 of 1st period - Stopped by Joe Cannata with a rebound.
1:07 of 1st period - Brandon McMillan is hit by David Rundblad.
1:11 of 1st period - Snap shot by Brandon McMillan.
1:11 of 1st period - Stopped by Niklas Svedberg without a rebound.
1:12 of 1st period - Darren Helm wins face-off versus Quinton Howden in Punishers zone.
1:17 of 1st period - Wrist shot by Darren Helm.
1:17 of 1st period - Shot Blocked by Jordan Schmaltz.
1:19 of 1st period - Snap shot by Darren Helm.
1:19 of 1st period - Stopped by Niklas Svedberg with a rebound.
1:21 of 1st period - Slapshot by Robert Bortuzzo.
1:21 of 1st period - Stopped by Niklas Svedberg with a rebound.
1:23 of 1st period - Wrist shot by Ryan Bayda.
1:23 of 1st period - Stopped by Niklas Svedberg with a rebound.
1:25 of 1st period - Wrist shot by Martins Karsums.
1:25 of 1st period - Stopped by Niklas Svedberg with a rebound.
1:27 of 1st period - Snap shot by Martins Karsums.
1:27 of 1st period - Stopped by Niklas Svedberg with a rebound.
1:53 of 1st period - Minor Penalty to Casey Cizikas for Holding.
1:54 of 1st period - Darren Helm wins face-off versus Robbie Earl in Punishers zone.
2:08 of 1st period - Snap shot by Darren Helm.
2:08 of 1st period - Stopped by Niklas Svedberg without a rebound.
2:09 of 1st period - Robbie Earl wins face-off versus Darren Helm in Punishers zone.
2:09 of 1st period - Robbie Earl is hit by Martins Karsums.
2:21 of 1st period - Slapshot by Tanner Glass.
2:21 of 1st period - Stopped by Joe Cannata with a rebound.
2:23 of 1st period - Slapshot by Robbie Earl.
2:23 of 1st period - Stopped by Joe Cannata without a rebound.
2:24 of 1st period - Mattias Tedenby wins face-off versus Nicolas Blanchard in Demolitions zone.
3:46 of 1st period - David Laliberté is hit by Seth Helgeson and loses puck.
3:53 of 1st period - Penalty to Casey Cizikas is over, Casey Cizikas is back on ice.
4:10 of 1st period - Slapshot by Cameron Schilling.
4:10 of 1st period - Stopped by Niklas Svedberg with a rebound.
4:12 of 1st period - Snap shot by Martins Karsums.
4:12 of 1st period - Shot Blocked by David Rundblad.
4:14 of 1st period - Wrist shot by Martins Karsums.
4:14 of 1st period - Shot Misses the Net.
4:20 of 1st period - Wrist shot by Ryan Bayda.
4:20 of 1st period - Shot Misses the Net.
4:22 of 1st period - Wrist shot by Martins Karsums.
4:22 of 1st period - Stopped by Niklas Svedberg with a rebound.
4:24 of 1st period - Snap shot by Darren Helm.
4:24 of 1st period - Shot Blocked by David Rundblad.
4:26 of 1st period - Slapshot by Martins Karsums.
4:26 of 1st period - Deflect By Robbie Earl.
4:26 of 1st period - Shot Blocked by Stefan Elliott.
4:26 of 1st period - Puck is out of play.
4:27 of 1st period - Boone Jenner wins face-off versus Nicolas Blanchard in Punishers zone.
4:33 of 1st period - Off-side.
4:34 of 1st period - Boone Jenner wins face-off versus Nicolas Blanchard in neutral zone.
4:43 of 1st period - Nick Schultz is hit by Nicolas Blanchard and loses puck.
5:04 of 1st period - Icing by Nick Schultz.
5:05 of 1st period - Corban Knight wins face-off versus Colton Gillies in Punishers zone.
5:22 of 1st period - Wrist shot by Colton Gillies.
5:22 of 1st period - Stopped by Joe Cannata without a rebound.
5:23 of 1st period - Luke Adam wins face-off versus Nicolas Blanchard in Demolitions zone.
5:38 of 1st period - Slapshot by Tanner Glass.
5:38 of 1st period - Shot Blocked by Frazer Mclaren.
5:48 of 1st period - Casey Cizikas is hit by Ryan Bayda and loses puck.
6:11 of 1st period - Snap shot by Quinton Howden.
6:11 of 1st period - Shot Misses the Net.
6:58 of 1st period - Robbie Earl is hit by Billy Sweat and loses puck.
7:27 of 1st period - Slapshot by Jack Skille.
7:27 of 1st period - Stopped by Niklas Svedberg without a rebound.
7:28 of 1st period - Corban Knight wins face-off versus Luke Adam in Punishers zone.
7:29 of 1st period - Slapshot by Jack Skille.
7:29 of 1st period - Stopped by Niklas Svedberg with a rebound.
7:31 of 1st period - Wrist shot by Ryan Russell.
7:31 of 1st period - Shot Blocked by Tanner Glass.
7:33 of 1st period - Snap shot by Corban Knight.
7:33 of 1st period - Stopped by Niklas Svedberg without a rebound.
7:34 of 1st period - Martins Karsums wins face-off versus Luke Adam in Punishers zone.
7:47 of 1st period - Wrist shot by Martins Karsums.
7:47 of 1st period - Stopped by Niklas Svedberg with a rebound.
7:49 of 1st period - Wrist shot by Seth Helgeson.
7:49 of 1st period - Stopped by Niklas Svedberg with a rebound.
8:33 of 1st period - Colton Gillies is hit by Jack Skille and loses puck.
8:43 of 1st period - Off-side.
8:44 of 1st period - Darren Helm wins face-off versus Luke Adam in neutral zone.
9:00 of 1st period - Minor Penalty to Adam McQuaid for Hooking.
9:01 of 1st period - Robbie Earl wins face-off versus Darren Helm in Punishers zone.
9:27 of 1st period - Tanner Glass is hit by Frazer Mclaren and loses puck.
10:19 of 1st period - Snap shot by Tanner Glass.
10:19 of 1st period - Shot Misses the Net.
10:38 of 1st period - Seth Helgeson is hit by Garret Ross and loses puck.
11:00 of 1st period - Penalty to Adam McQuaid is over, Adam McQuaid is back on ice.
12:30 of 1st period - Off-side.
12:31 of 1st period - Nicolas Blanchard wins face-off versus Casey Cizikas in neutral zone.
12:54 of 1st period - Wrist shot by Luke Adam.
12:54 of 1st period - Shot Blocked by Taylor Aronson.
13:12 of 1st period - Snap shot by Ryan Bayda.
13:12 of 1st period - Shot Misses the Net.
13:28 of 1st period - Snap shot by David Rundblad.
13:28 of 1st period - Shot Misses the Net.
13:30 of 1st period - Wrist shot by Quinton Howden.
13:30 of 1st period - Stopped by Joe Cannata without a rebound.
13:31 of 1st period - Quinton Howden wins face-off versus Nicolas Blanchard in Demolitions zone.
13:56 of 1st period - Wrist shot by Martins Karsums.
13:56 of 1st period - Shot Misses the Net.
14:22 of 1st period - Snap shot by Casey Cizikas.
14:22 of 1st period - Stopped by Joe Cannata with a rebound.
14:57 of 1st period - Boone Jenner is hit by Cameron Schilling and loses puck.
15:24 of 1st period - Minor Penalty to Nicolas Blanchard for Holding.
15:25 of 1st period - Casey Cizikas wins face-off versus Martins Karsums in Demolitions zone.
15:26 of 1st period - Wrist shot by Robbie Earl.
15:26 of 1st period - Shot Blocked by Seth Helgeson.
15:38 of 1st period - Wrist shot by Mattias Tedenby.
15:38 of 1st period - Deflect By Darren Helm.
15:38 of 1st period - Stopped by Joe Cannata with a rebound.
17:24 of 1st period - Penalty to Nicolas Blanchard is over, Nicolas Blanchard is back on ice.
17:33 of 1st period - Slapshot by Corban Knight.
17:33 of 1st period - Stopped by Niklas Svedberg with a rebound.
17:35 of 1st period - Wrist shot by Jack Skille.
17:35 of 1st period - Goal by Jack Skille - Demolitions : 1 - Punishers : 0.
17:36 of 1st period - Darren Helm wins face-off versus Casey Cizikas in neutral zone.
18:28 of 1st period - Wrist shot by Mattias Tedenby.
18:28 of 1st period - Stopped by Joe Cannata with a rebound.
18:36 of 1st period - Snap shot by Mattias Tedenby.
18:36 of 1st period - Shot Blocked by Andrew Campbell.
18:38 of 1st period - Snap shot by Robbie Earl.
18:38 of 1st period - Stopped by Joe Cannata without a rebound.
18:39 of 1st period - Luke Adam wins face-off versus Darren Helm in Demolitions zone.
18:42 of 1st period - Snap shot by Nick Schultz.
18:42 of 1st period - Shot Misses the Net.
18:44 of 1st period - Snap shot by Luke Adam.
18:44 of 1st period - Shot Blocked by Cameron Schilling.
18:46 of 1st period - Wrist shot by Adam McQuaid.
18:46 of 1st period - Shot Misses the Net.
18:48 of 1st period - Wrist shot by Luke Adam.
18:48 of 1st period - Stopped by Joe Cannata without a rebound.
18:49 of 1st period - Luke Adam wins face-off versus Darren Helm in Demolitions zone.
18:50 of 1st period - Wrist shot by Tanner Glass.
18:50 of 1st period - Shot Misses the Net.
18:59 of 1st period - Minor Penalty to Martins Karsums for High sticking.
19:00 of 1st period - Vince Rocco wins face-off versus Casey Cizikas in Demolitions zone.
19:09 of 1st period - Slapshot by Mattias Tedenby.
19:09 of 1st period - Shot Misses the Net.
19:11 of 1st period - Wrist shot by Mattias Tedenby.
19:11 of 1st period - Goal by Mattias Tedenby - Demolitions : 1 - Punishers : 1.
19:12 of 1st period - Casey Cizikas wins face-off versus Darren Helm in neutral zone.
19:12 of 1st period - Casey Cizikas is hit by Ryan Bayda.
19:18 of 1st period - Minor Penalty to Cameron Schilling for Hooking.
19:19 of 1st period - Martins Karsums wins face-off versus Casey Cizikas in Demolitions zone.
19:28 of 1st period - Slapshot by Adam McQuaid.
19:28 of 1st period - Stopped by Joe Cannata with a rebound.
19:30 of 1st period - Slapshot by Robbie Earl.
19:30 of 1st period - Deflect By Casey Cizikas.
19:30 of 1st period - Shot Misses the Net.
19:30 of 1st period - Puck is out of play.
19:31 of 1st period - Casey Cizikas wins face-off versus Martins Karsums in Demolitions zone.
19:42 of 1st period - Wrist shot by Mattias Tedenby.
19:42 of 1st period - Shot Misses the Net.
19:48 of 1st period - Minor Penalty to Mattias Tedenby for Hooking.
19:49 of 1st period - Martins Karsums wins face-off versus Robbie Earl in Punishers zone.
19:52 of 1st period - Wrist shot by Martins Karsums.
19:52 of 1st period - Shot Misses the Net.
Goals for this period are 1 for Demolitions vs 1 for Punishers.
Shots for this period are 16 for Demolitions vs 12 for Punishers.
2nd period
0:01 of 2nd period - Robbie Earl wins face-off versus Martins Karsums in neutral zone.
0:06 of 2nd period - Snap shot by Tanner Glass.
0:06 of 2nd period - Stopped by Joe Cannata without a rebound.
0:07 of 2nd period - Robbie Earl wins face-off versus Martins Karsums in Demolitions zone.
0:08 of 2nd period - Snap shot by Tanner Glass.
0:08 of 2nd period - Stopped by Joe Cannata with a rebound.
0:12 of 2nd period - Snap shot by Robbie Earl.
0:12 of 2nd period - Deflect By Tanner Glass.
0:12 of 2nd period - Stopped by Joe Cannata without a rebound.
0:13 of 2nd period - Robbie Earl wins face-off versus Martins Karsums in Demolitions zone.
0:49 of 2nd period - Off-side.
0:50 of 2nd period - Oscar Sundqvist wins face-off versus Ryan Bayda in neutral zone.
1:11 of 2nd period - Minor Penalty to Mike Sauer for Holding.
1:12 of 2nd period - Martins Karsums wins face-off versus Robbie Earl in Demolitions zone.
1:18 of 2nd period - Penalty to Cameron Schilling is over, Cameron Schilling is back on ice.
1:40 of 2nd period - Off-side.
1:41 of 2nd period - Robbie Earl wins face-off versus Martins Karsums in neutral zone.
1:48 of 2nd period - Penalty to Mattias Tedenby is over, Mattias Tedenby is back on ice.
2:14 of 2nd period - Wrist shot by Robbie Earl.
2:14 of 2nd period - Stopped by Joe Cannata with a rebound.
2:26 of 2nd period - Darren Helm is hit by Tanner Glass and loses puck.
3:11 of 2nd period - Penalty to Mike Sauer is over, Mike Sauer is back on ice.
3:50 of 2nd period - Slapshot by Frazer Mclaren.
3:50 of 2nd period - Stopped by Niklas Svedberg without a rebound.
3:51 of 2nd period - Quinton Howden wins face-off versus Nicolas Blanchard in Punishers zone.
3:56 of 2nd period - Seth Helgeson is hit by Quinton Howden.
4:21 of 2nd period - Cameron Schilling is hit by Patrick Wiercioch and loses puck.
4:38 of 2nd period - Wrist shot by Garret Ross.
4:38 of 2nd period - Goal by Garret Ross - Demolitions : 1 - Punishers : 2.
4:39 of 2nd period - Nicolas Blanchard wins face-off versus Casey Cizikas in neutral zone.
4:54 of 2nd period - Snap shot by Nicolas Blanchard.
4:54 of 2nd period - Stopped by Niklas Svedberg without a rebound.
4:55 of 2nd period - Darren Helm wins face-off versus Luke Adam in Punishers zone.
5:20 of 2nd period - Cameron Schilling is hit by Adam McQuaid and loses puck.
5:34 of 2nd period - Off-side.
5:35 of 2nd period - Frazer Mclaren wins face-off versus Casey Cizikas in neutral zone.
5:35 of 2nd period - Minor Penalty to Nicolas Blanchard for Holding.
5:36 of 2nd period - Martins Karsums wins face-off versus Casey Cizikas in Demolitions zone.
5:55 of 2nd period - Seth Helgeson is hit by Nick Schultz and loses puck.
7:35 of 2nd period - Penalty to Nicolas Blanchard is over, Nicolas Blanchard is back on ice.
7:47 of 2nd period - Snap shot by Nicolas Blanchard.
7:47 of 2nd period - Stopped by Niklas Svedberg with a rebound.
7:49 of 2nd period - Slapshot by Mike Sauer.
7:49 of 2nd period - Shot Blocked by Colton Gillies.
7:53 of 2nd period - Slapshot by Erik Condra.
7:53 of 2nd period - Shot Misses the Net.
8:07 of 2nd period - Minor Penalty to Miikka Salomaki for Roughing.
8:08 of 2nd period - Robbie Earl wins face-off versus Darren Helm in Punishers zone.
8:19 of 2nd period - Adam McQuaid is hit by Seth Helgeson and loses puck.
10:07 of 2nd period - Penalty to Miikka Salomaki is over, Miikka Salomaki is back on ice.
10:18 of 2nd period - Wrist shot by Miikka Salomaki.
10:18 of 2nd period - Shot Misses the Net.
10:38 of 2nd period - Cameron Schilling is hit by Garret Ross and loses puck.
11:36 of 2nd period - Slapshot by Boone Jenner.
11:36 of 2nd period - Shot Misses the Net.
11:38 of 2nd period - Minor Penalty to Nicolas Blanchard for Interference.
11:39 of 2nd period - Luke Adam wins face-off versus Martins Karsums in Demolitions zone.
11:40 of 2nd period - Snap shot by David Laliberté.
11:40 of 2nd period - Stopped by Joe Cannata with a rebound.
11:42 of 2nd period - Wrist shot by David Laliberté.
11:42 of 2nd period - Shot Blocked by Seth Helgeson.
11:44 of 2nd period - Wrist shot by Luke Adam.
11:44 of 2nd period - Shot Misses the Net.
11:46 of 2nd period - Slapshot by Luke Adam.
11:46 of 2nd period - Goal by Luke Adam - Demolitions : 1 - Punishers : 3.
11:47 of 2nd period - Casey Cizikas wins face-off versus Darren Helm in neutral zone.
12:12 of 2nd period - Nicolas Blanchard is hit by David Laliberté and loses puck.
12:19 of 2nd period - David Laliberté is hit by Erik Condra and loses puck.
12:55 of 2nd period - Snap shot by Quinton Howden.
12:55 of 2nd period - Stopped by Joe Cannata without a rebound.
12:56 of 2nd period - Darren Helm wins face-off versus Quinton Howden in Demolitions zone.
13:30 of 2nd period - Slapshot by Cameron Schilling.
13:30 of 2nd period - Deflect By Corban Knight.
13:30 of 2nd period - Stopped by Niklas Svedberg without a rebound.
13:31 of 2nd period - Casey Cizikas wins face-off versus Darren Helm in Punishers zone.
13:31 of 2nd period - Casey Cizikas is hit by Darren Helm.
13:37 of 2nd period - Snap shot by Adam McQuaid.
13:37 of 2nd period - Stopped by Joe Cannata without a rebound.
13:38 of 2nd period - Darren Helm wins face-off versus Casey Cizikas in Demolitions zone.
13:38 of 2nd period - Darren Helm is hit by Adam McQuaid.
13:50 of 2nd period - Slapshot by Mattias Tedenby.
13:50 of 2nd period - Deflect By Casey Cizikas.
13:50 of 2nd period - Shot Misses the Net.
13:50 of 2nd period - Puck is out of play.
13:51 of 2nd period - Darren Helm wins face-off versus Casey Cizikas in Demolitions zone.
13:57 of 2nd period - Icing by Mattias Tedenby.
13:58 of 2nd period - Darren Helm wins face-off versus Robbie Earl in Punishers zone.
14:09 of 2nd period - Snap shot by Mattias Tedenby.
14:09 of 2nd period - Deflect By Cameron Schilling.
14:09 of 2nd period - Shot Blocked by Seth Helgeson.
14:09 of 2nd period - Puck is out of play.
14:10 of 2nd period - Darren Helm wins face-off versus Casey Cizikas in Demolitions zone.
14:10 of 2nd period - Darren Helm is hit by Mattias Tedenby.
14:19 of 2nd period - Minor Penalty to Robbie Earl for Tripping.
14:20 of 2nd period - Erik Nystrom wins face-off versus Darren Helm in Punishers zone.
14:20 of 2nd period - Erik Nystrom is hit by Ryan Bayda.
14:26 of 2nd period - Icing by Ryan Bayda.
14:27 of 2nd period - Erik Nystrom wins face-off versus Darren Helm in Demolitions zone.
14:54 of 2nd period - Snap shot by Erik Condra.
14:54 of 2nd period - Shot Blocked by Adam McQuaid.
15:20 of 2nd period - Ryan Bayda is hit by Garret Ross and loses puck.
16:19 of 2nd period - Penalty to Robbie Earl is over, Robbie Earl is back on ice.
16:48 of 2nd period - Snap shot by David Rundblad.
16:48 of 2nd period - Goal by David Rundblad - Demolitions : 1 - Punishers : 4.
16:49 of 2nd period - Darren Helm wins face-off versus Robbie Earl in neutral zone.
16:51 of 2nd period - Minor Penalty to Mike Sauer for Tripping.
16:52 of 2nd period - Robbie Earl wins face-off versus Martins Karsums in Demolitions zone.
18:20 of 2nd period - Slapshot by Alex Hutchings.
18:20 of 2nd period - Stopped by Niklas Svedberg with a rebound.
18:23 of 2nd period - Icing by Robbie Earl.
18:24 of 2nd period - Martins Karsums wins face-off versus Casey Cizikas in Punishers zone.
18:33 of 2nd period - Wrist shot by Luke Adam.
18:33 of 2nd period - Deflect By Erik Condra.
18:33 of 2nd period - Goal by Luke Adam - Demolitions : 1 - Punishers : 5.
18:33 of 2nd period - Olivier Roy enters game.
18:34 of 2nd period - Darren Helm wins face-off versus Luke Adam in neutral zone.
18:45 of 2nd period - Snap shot by Martins Karsums.
18:45 of 2nd period - Goal by Martins Karsums - Demolitions : 2 - Punishers : 5.
18:46 of 2nd period - Darren Helm wins face-off versus Casey Cizikas in neutral zone.
19:44 of 2nd period - Wrist shot by Colton Gillies.
19:44 of 2nd period - Shot Misses the Net.
Goals for this period are 1 for Demolitions vs 4 for Punishers.
Shots for this period are 6 for Demolitions vs 11 for Punishers.
3rd period
0:01 of 3rd period - Mattias Tedenby wins face-off versus Darren Helm in neutral zone.
0:04 of 3rd period - Snap shot by Robbie Earl.
0:04 of 3rd period - Shot Blocked by Cameron Schilling.
0:30 of 3rd period - Snap shot by Robbie Earl.
0:30 of 3rd period - Stopped by Olivier Roy without a rebound.
0:31 of 3rd period - Corban Knight wins face-off versus David Laliberté in Demolitions zone.
0:31 of 3rd period - Corban Knight is hit by Tanner Glass.
1:00 of 3rd period - Minor Penalty to Miikka Salomaki for Interference.
1:01 of 3rd period - Darren Helm wins face-off versus Robbie Earl in Punishers zone.
1:36 of 3rd period - Slapshot by Cameron Schilling.
1:36 of 3rd period - Shot Misses the Net.
3:00 of 3rd period - Penalty to Miikka Salomaki is over, Miikka Salomaki is back on ice.
3:04 of 3rd period - Slapshot by Stefan Elliott.
3:04 of 3rd period - Deflect By Garret Ross.
3:04 of 3rd period - Stopped by Olivier Roy without a rebound.
3:05 of 3rd period - Josh Beaulieu wins face-off versus Boone Jenner in Demolitions zone.
3:05 of 3rd period - Josh Beaulieu is hit by Colton Gillies.
3:11 of 3rd period - Snap shot by Taylor Aronson.
3:11 of 3rd period - Shot Misses the Net.
3:13 of 3rd period - Wrist shot by Taylor Aronson.
3:13 of 3rd period - Stopped by Niklas Svedberg without a rebound.
3:14 of 3rd period - Corban Knight wins face-off versus Boone Jenner in Punishers zone.
3:17 of 3rd period - Snap shot by Corban Knight.
3:17 of 3rd period - Shot Misses the Net.
3:50 of 3rd period - Miikka Salomaki is hit by Taylor Aronson and loses puck.
4:13 of 3rd period - Snap shot by Robbie Earl.
4:13 of 3rd period - Stopped by Olivier Roy with a rebound.
4:26 of 3rd period - Off-side.
4:27 of 3rd period - Billy Sweat wins face-off versus Luke Adam in neutral zone.
4:30 of 3rd period - Snap shot by Martins Karsums.
4:30 of 3rd period - Shot Blocked by Luke Adam.
4:38 of 3rd period - Slapshot by Adam McQuaid.
4:38 of 3rd period - Shot Misses the Net.
4:40 of 3rd period - Slapshot by Adam McQuaid.
4:40 of 3rd period - Stopped by Olivier Roy without a rebound.
4:41 of 3rd period - Nicolas Blanchard wins face-off versus Casey Cizikas in Demolitions zone.
4:50 of 3rd period - Snap shot by Nicolas Blanchard.
4:50 of 3rd period - Shot Misses the Net.
4:52 of 3rd period - Minor Penalty to Robbie Earl for High sticking.
4:53 of 3rd period - Erik Nystrom wins face-off versus Darren Helm in Punishers zone.
4:53 of 3rd period - Erik Nystrom is hit by Darren Helm.
5:05 of 3rd period - Slapshot by Darren Helm.
5:05 of 3rd period - Shot Blocked by Adam McQuaid.
5:09 of 3rd period - Backhand shot by Martins Karsums.
5:09 of 3rd period - Goal by Martins Karsums - Demolitions : 3 - Punishers : 5.
5:10 of 3rd period - Darren Helm wins face-off versus Casey Cizikas in neutral zone.
5:59 of 3rd period - Snap shot by Billy Sweat.
5:59 of 3rd period - Shot Blocked by Nick Schultz.
7:07 of 3rd period - Andrew Campbell is hit by Mattias Tedenby and loses puck.
7:16 of 3rd period - Slapshot by Mike Sauer.
7:16 of 3rd period - Stopped by Niklas Svedberg without a rebound.
7:17 of 3rd period - Frazer Mclaren wins face-off versus Luke Adam in Punishers zone.
7:53 of 3rd period - Wrist shot by Corban Knight.
7:53 of 3rd period - Goal by Corban Knight - Demolitions : 4 - Punishers : 5.
7:54 of 3rd period - Luke Adam wins face-off versus Nicolas Blanchard in neutral zone.
8:03 of 3rd period - Snap shot by Luke Adam.
8:03 of 3rd period - Deflect By Seth Helgeson.
8:03 of 3rd period - Shot Misses the Net.
8:03 of 3rd period - Puck is out of play.
8:04 of 3rd period - Tanner Glass wins face-off versus Nicolas Blanchard in Demolitions zone.
8:11 of 3rd period - Wrist shot by David Laliberté.
8:11 of 3rd period - Shot Misses the Net.
8:16 of 3rd period - Cameron Schilling is hit by Tanner Glass and loses puck.
8:20 of 3rd period - Nicolas Blanchard is hit by Nick Schultz and loses puck.
8:40 of 3rd period - Minor Penalty to Luke Adam for Roughing.
8:41 of 3rd period - Robbie Earl wins face-off versus Darren Helm in Punishers zone.
8:51 of 3rd period - Wrist shot by Darren Helm.
8:51 of 3rd period - Stopped by Niklas Svedberg without a rebound.
8:52 of 3rd period - Robbie Earl wins face-off versus Darren Helm in Punishers zone.
9:26 of 3rd period - Slapshot by Andrew Campbell.
9:26 of 3rd period - Goal by Andrew Campbell - Demolitions : 5 - Punishers : 5.
9:27 of 3rd period - Darren Helm wins face-off versus Casey Cizikas in neutral zone.
9:40 of 3rd period - Snap shot by Martins Karsums.
9:40 of 3rd period - Shot Blocked by Robbie Earl.
9:42 of 3rd period - Snap shot by Martins Karsums.
9:42 of 3rd period - Deflect By Mattias Tedenby.
9:42 of 3rd period - Stopped by Niklas Svedberg without a rebound.
9:43 of 3rd period - Frazer Mclaren wins face-off versus Luke Adam in Punishers zone.
9:44 of 3rd period - Snap shot by Nicolas Blanchard.
9:44 of 3rd period - Stopped by Niklas Svedberg with a rebound.
9:46 of 3rd period - Minor Penalty to Tanner Glass for Elbowing.
9:47 of 3rd period - Robbie Earl wins face-off versus Ryan Bayda in Punishers zone.
11:06 of 3rd period - Adam McQuaid is hit by Nicolas Blanchard and loses puck.
11:30 of 3rd period - Snap shot by David Laliberté.
11:30 of 3rd period - Shot Misses the Net.
11:46 of 3rd period - Penalty to Tanner Glass is over, Tanner Glass is back on ice.
11:50 of 3rd period - Erik Nystrom is hit by Frazer Mclaren and loses puck.
12:05 of 3rd period - Snap shot by Miikka Salomaki.
12:05 of 3rd period - Stopped by Olivier Roy without a rebound.
12:06 of 3rd period - Boone Jenner wins face-off versus Jack Skille in Demolitions zone.
12:11 of 3rd period - Slapshot by Boone Jenner.
12:11 of 3rd period - Shot Blocked by Ryan Russell.
12:31 of 3rd period - Jordan Schmaltz is hit by Ryan Bayda and loses puck.
13:25 of 3rd period - Wrist shot by Mattias Tedenby.
13:25 of 3rd period - Shot Misses the Net.
13:27 of 3rd period - Wrist shot by Casey Cizikas.
13:27 of 3rd period - Shot Misses the Net.
13:31 of 3rd period - Snap shot by Robbie Earl.
13:31 of 3rd period - Stopped by Olivier Roy without a rebound.
13:32 of 3rd period - Casey Cizikas wins face-off versus Nicolas Blanchard in Demolitions zone.
13:32 of 3rd period - Minor Penalty to Robbie Earl for Slashing.
13:33 of 3rd period - Darren Helm wins face-off versus Erik Nystrom in Punishers zone.
14:00 of 3rd period - Adam McQuaid is hit by Frazer Mclaren and loses puck.
14:09 of 3rd period - Wrist shot by Nicolas Blanchard.
14:09 of 3rd period - Goal by Nicolas Blanchard - Demolitions : 6 - Punishers : 5.
14:10 of 3rd period - Casey Cizikas wins face-off versus Darren Helm in neutral zone.
14:10 of 3rd period - Casey Cizikas is hit by Darren Helm.
14:26 of 3rd period - Wrist shot by Mattias Tedenby.
14:26 of 3rd period - Shot Blocked by Seth Helgeson.
15:06 of 3rd period - Snap shot by Ryan Russell.
15:06 of 3rd period - Shot Hit the Post.
15:15 of 3rd period - Minor Penalty to Boone Jenner for Interference.
15:16 of 3rd period - Darren Helm wins face-off versus Robbie Earl in Punishers zone.
16:43 of 3rd period - Mike Sauer is hit by Erik Nystrom and loses puck.
16:48 of 3rd period - Slapshot by Nick Schultz.
16:48 of 3rd period - Shot Blocked by Mike Sauer.
16:54 of 3rd period - Ryan Bayda is hit by Erik Nystrom and loses puck.
17:01 of 3rd period - Erik Nystrom is hit by Ryan Bayda and loses puck.
17:15 of 3rd period - Penalty to Boone Jenner is over, Boone Jenner is back on ice.
17:18 of 3rd period - Snap shot by Darren Helm.
17:18 of 3rd period - Shot Blocked by Boone Jenner.
17:20 of 3rd period - Slapshot by Robert Bortuzzo.
17:20 of 3rd period - Deflect By Garret Ross.
17:20 of 3rd period - Stopped by Niklas Svedberg without a rebound.
17:21 of 3rd period - Corban Knight wins face-off versus Boone Jenner in Punishers zone.
17:24 of 3rd period - Snap shot by Ryan Russell.
17:24 of 3rd period - Shot Misses the Net.
17:46 of 3rd period - Taylor Aronson is hit by Robbie Earl and loses puck.
18:32 of 3rd period - Minor Penalty to Nick Pryor for High sticking.
18:33 of 3rd period - Martins Karsums wins face-off versus Casey Cizikas in Demolitions zone.
18:33 of 3rd period - Martins Karsums is hit by Mattias Tedenby.
19:03 of 3rd period - Punishers, Niklas Svedberg is pulled from the net.
Goals for this period are 4 for Demolitions vs 0 for Punishers.
Shots for this period are 10 for Demolitions vs 6 for Punishers.
Back to the Top